 Dungeon Crawl Stone Soup version 0.20.1-1-g8b1a95d (webtiles) character file.

7875 Ivernyr the Quickloader (level 11, -1/100 HPs)
             Began as a Deep Dwarf Hunter on Sept 22, 2017.
             Was a Priest of Elyvilon.
             Slain by a warg (8 damage)
             ... on level 10 of the Dungeon.
             The game lasted 00:34:58 (7932 turns).

Ivernyr the Quickloader (Deep Dwarf Hunter)         Turns: 7932, Time: 00:34:58

Health: -1/100     AC:  7    Str: 16    XL:     11   Next: 2%
Magic:  0/0        EV: 19    Int: 12    God:    Elyvilon [***...]
Gold:   335        SH:  0    Dex: 21    Spells: 10/10 levels left

rFire    + . .     SeeInvis +   b - +0 battleaxe
rCold    . . .     Gourm    .   (shield currently unavailable)
rNeg     . . .     Faith    .   c - +2 leather armour of Atheism {rF+ rCorr SInv}
rPois    .         Spirit   .   (helmet restricted)
rElec    +         Reflect  .   (no cloak)
rCorr    +         Harm     .   (no gloves)
MR       ++...     Clarity  +   (no boots)
Stlth    +++.......             (no amulet)
Regen    0.0/turn               z - ring of Keicwamn {rElec Dex+5 Slay+5}
MPRegen  0.1/turn               I - ring of stealth

@: non-regenerating
A: damage resistance, heal wounds, horns 1, yellow scales 1, clarity, low mp 3,
magic resistance 1, sense surroundings 2, no regeneration
a: Heal Wounds, Lesser Healing, Heal Other, Purification, Divine Protection,
Renounce Religion


You were on level 10 of the Dungeon.
You worshipped Elyvilon.
Elyvilon was most pleased with you.
You were not hungry.

You visited 2 branches of the dungeon, and saw 10 of its levels.
You also visited: Sewer.

You collected 485 gold pieces.
You spent 150 gold pieces at shops.

Inventory:

Hand Weapons
 a - a +0 arbalest
 b - a +0 battleaxe (weapon)
Missiles
 J - 3 bolts
Armour
 c - the +2 leather armour of Atheism (worn) {rF+ rCorr SInv}
   (You found it on level 9 of the Dungeon)

   It protects you from fire.
   It lets you see invisible.
   It protects you from acid and corrosion.
Jewellery
 o - an uncursed ring of protection from cold
 z - the ring of Keicwamn (left hand) {rElec Dex+5 Slay+5}
   (You bought it in a shop on level 5 of the Dungeon)

   [ring of dexterity]

   It affects your dexterity (+5).
   It affects your accuracy and damage with ranged weapons and melee attacks
   (+5).
   It insulates you from electricity.
 I - a ring of stealth (right hand)
Wands
 w - a wand of polymorph (10/24)
 y - a wand of paralysis (12/24)
 B - a wand of acid (11/15)
 E - a wand of iceblast (2/15)
 K - a wand of polymorph (11/24)
 N - a wand of acid (9/15)
 O - a wand of confusion (34/48)
Scrolls
 e - a scroll of fear
 g - a scroll of magic mapping {unknown}
 h - 3 scrolls of remove curse
 i - a scroll of noise {unknown}
 j - 2 scrolls of recharging
 r - 2 scrolls of teleportation
 x - a scroll of acquirement {unknown}
 A - a scroll of torment {unknown}
 C - 3 scrolls of identify
 D - a scroll of vulnerability {unknown}
 H - 2 scrolls of immolation {unknown}
 M - a scroll of holy word {unknown}
Potions
 k - a potion of resistance
 q - 3 potions of agility
 s - 4 potions of invisibility
 t - a potion of berserk rage
 u - 2 potions of flight
 v - a potion of magic
 F - a potion of might
 G - a potion of brilliance
Comestibles
 d - 2 chunks of flesh
 f - 10 bread rations
 l - 4 meat rations
 m - 7 royal jellies
 n - 17 fruits


   Skills:
 + Level 7.3 Fighting
 + Level 7.8 Axes
 * Level 12.5 Crossbows
 + Level 8.7 Dodging
 - Level 1.2 Stealth


You had 10 spell levels left.
You didn't know any spells.

Dungeon Overview and Level Annotations

Branches:
Dungeon (10/15)            Temple (1/1) D:6
   Lair: D:8-11         Orc: D:9-12

Altars:
Ashenzari
Elyvilon
Makhleb
Nemelex Xobeh
Okawaru
Ru
Sif Muna
Uskayaw
Xom
Zin

Shops:
D:5 *


Innate Abilities, Weirdness & Mutations

You are resistant to damage.
You can heal yourself by infusing magical energy.
You passively map the area around you.
You do not regenerate.
You have a pair of small horns on your head.
You are partially covered in yellow scales. (AC +2)
You possess an exceptional clarity of mind.
Your magical capacity is extremely low. (-30% MP)
You are resistant to hostile enchantments. (MR+)


Message History

You slash the warg!
The warg is heavily wounded.
The warg closely misses you.
You barely miss the warg. You headbutt the warg.
The warg is heavily wounded.
The warg misses you. The warg completely misses you.
You barely miss the warg. You headbutt the warg.
The warg is severely wounded.
The warg misses you. x2
You slash the warg! Your headbutt misses the warg.
The warg is almost dead.
The warg bites you.
* * * LOW HITPOINT WARNING * * *
The warg bites you!
* * * LOW HITPOINT WARNING * * *
You feel better. The warg bites you but does no damage.
You closely miss the warg.
The warg is almost dead.
The warg barely misses you. The warg bites you!
You die...

* ,
###.).#####.....##.#.......
,
..........................#
*
####..##.##.#...##.........
,,
#...(....................#
,
.................#.#.#.....
**
##.............>..........#
#...................#.##.#
,
,................###.#.##.#
*
........h@............##.#
,.##...#............<..##'
, ... #...........###.# * *
,,. ..........##### #.#, ,
* ...#.......# #.#
...###......# #.# ,* ...
######## #.# ,* , .. .#* ,
, *, *


You could see a warg.

Vanquished Creatures
  Erica (D:10)
  A two-headed ogre (D:8)
  The ghost of mike239x the Magician, a novice DrTm of Sif Muna (D:9)
  2 unseen horrors (D:10)
  A centaur zombie (D:10)
  2 hippogriffs
  A spriggan (D:7)
  A hungry ghost (D:10)
  2 wargs (D:10)
  4 sky beasts
  3 orc warriors
  A black bear (D:7)
  2 ice beasts
  3 centaurs
  4 ogres
  7 bullfrogs
  4 killer bees (D:8)
  7 howler monkeys
  3 wights (D:9)
  A crimson imp (D:6)
  3 quasits
  2 orc priests
  A bullfrog zombie (D:10)
  2 jellies
  2 bullfrog skeletons
  5 hounds
  2 centaur skeletons
  Jessica (D:3)
  4 orc wizards
  3 iguanas
  5 worker ants
  A killer bee zombie (D:5)
  A hound zombie (D:8)
  A hound skeleton (D:8)
  A worker ant zombie (D:8)
  A howler monkey skeleton (D:9)
  9 adders
  18 gnolls
  A river rat (D:5)
  An ooze (D:6)
  An adder skeleton (D:9)
  2 adder zombies (D:7)
  3 worms (D:5)
  A dart slug (D:2)
  14 leopard geckos
  26 orcs
  8 bats
  5 giant cockroaches
  7 goblins
  7 hobgoblins
  6 quokkas
  A ball python (Sewer)
  10 frilled lizards
  5 kobolds
  A quokka skeleton (D:5)
  A quokka zombie (D:5)
  5 rats
218 creatures vanquished.

Notes
Turn   | Place    | Note
-------+----------+-------------------------------------------
     0 | D:1      | Ivernyr the Deep Dwarf Hunter began the quest for the Orb.
     0 | D:1      | Reached XP level 1. HP: 19/19 MP: 1/1
   151 | D:1      | Reached XP level 2. HP: 16/26 MP: 2/2
   941 | D:1      | Reached skill level 5 in Crossbows
  1208 | D:2      | Reached XP level 3. HP: 28/32 MP: 3/3
  1873 | D:3      | Noticed Jessica
  1876 | D:3      | Killed Jessica
  1876 | D:3      | Reached XP level 4. HP: 22/40 MP: 4/4
  2271 | D:3      | You fall through a shaft for 2 floors!
  2271 | D:5      | Entered Level 5 of the Dungeon
  2373 | D:5      | Reached skill level 1 in Axes
  2373 | D:5      | Reached skill level 6 in Crossbows
  2373 | D:5      | Reached XP level 5. HP: 12/46 MP: 5/5
  2693 | D:5      | Found a glowing drain.
  2700 | Sewer    | Entered a sewer
  2797 | Sewer    | Reached XP level 6. HP: 37/56 MP: 5/5
  3220 | D:5      | Found Obityruy's Assorted Antiques.
  3272 | D:5      | Bought a bound bone ring for 150 gold pieces
  3272 | D:5      | Identified the ring of Keicwamn {rElec Dex+5 Slay+5} (You bought it in a shop on level 5 of the Dungeon)
  3287 | D:5      | Reached skill level 7 in Crossbows
  3345 | D:5      | Reached XP level 7. HP: 47/62 MP: 6/6
  4152 | D:6      | Reached skill level 8 in Crossbows
  4210 | D:6      | Reached skill level 5 in Dodging
  4263 | D:6      | Found a sparkling altar of Nemelex Xobeh.
  4286 | D:6      | Reached XP level 8. HP: 64/72 MP: 7/7
  4499 | D:6      | Found a staircase to the Ecumenical Temple.
  4772 | Temple   | Entered the Ecumenical Temple
  4795 | Temple   | Became a worshipper of Elyvilon the Healer
  5157 | D:7      | Reached skill level 9 in Crossbows
  5349 | D:7      | Noticed a hippogriff
  5354 | D:7      | Killed a hippogriff
  5354 | D:7      | Reached skill level 5 in Fighting
  5518 | D:7      | Reached * piety under Elyvilon
  5712 | D:8      | Gained mutation: You passively map the area around you. [Deep Dwarf growth]
  5712 | D:8      | Reached XP level 9. HP: 58/81 MP: 4/4
  5809 | D:8      | Found a shattered altar of Ashenzari.
  5811 | D:8      | Noticed a two-headed ogre
  5820 | D:8      | Killed a two-headed ogre
  5820 | D:8      | Reached skill level 5 in Axes
  5820 | D:8      | Reached skill level 10 in Crossbows
  5889 | D:8      | Reached ** piety under Elyvilon
  6671 | D:9      | Got an ancient leather armour
  6677 | D:9      | Identified the +2 leather armour of Atheism {rF+ rCorr SInv} (You found it on level 9 of the Dungeon)
  6748 | D:9      | Gained mutation: You are resistant to hostile enchantments. (MR+) [mutagenic meat]
  6749 | D:9      | Gained mutation: You have a pair of small horns on your head. [mutagenic meat]
  6750 | D:9      | Gained mutation: Your magical capacity is low. (-10% MP) [mutagenic meat]
  6751 | D:9      | Gained mutation: You are partially covered in yellow scales. (AC +2) [mutagenic meat]
  6752 | D:9      | Gained mutation: Your magical capacity is very low. (-20% MP) [mutagenic meat]
  6883 | D:9      | Noticed mike239x's ghost (novice DrTm)
  6936 | D:9      | Killed mike239x's ghost
  6936 | D:9      | Reached skill level 11 in Crossbows
  6936 | D:9      | Reached XP level 10. HP: 39/91 MP: 2/2
  7030 | D:9      | Found an iron altar of Okawaru.
  7214 | D:9      | Gained mutation: Your magical capacity is extremely low. (-30% MP) [mutagenic meat]
  7215 | D:9      | Gained mutation: You possess an exceptional clarity of mind. [mutagenic meat]
  7260 | D:9      | Reached *** piety under Elyvilon
  7398 | D:10     | Entered Level 10 of the Dungeon
  7405 | D:10     | Noticed Erica
  7414 | D:10     | Killed Erica
  7493 | D:10     | Found a burning altar of Makhleb.
  7493 | D:10     | Noticed a blizzard demon
  7535 | D:10     | Reached skill level 12 in Crossbows
  7598 | D:10     | Lost mutation: You possess an exceptional clarity of mind. [mutagenic meat]
  7599 | D:10     | Gained mutation: You possess an exceptional clarity of mind. [mutagenic meat]
  7828 | D:10     | Noticed an unseen horror
  7847 | D:10     | Killed an unseen horror
  7876 | D:10     | Noticed an unseen horror
  7883 | D:10     | Killed an unseen horror
  7883 | D:10     | Reached XP level 11. HP: 15/100 MP: 0/0
  7930 | D:10     | HP: 2/100 [warg (7)]
  7932 | D:10     | Slain by a warg

Skill      XL: |  1  2  3  4  5  6  7  8  9 10 |
---------------+-------------------------------+-----
Crossbows      | 5 6 7 8 9 11 12 | 12.5
Fighting       | 2 3 4 5 6 7 |  7.3
Dodging        | 3 4 5 6 7 8 |  8.7
Axes           | 1 2 3 4 6 7 |  7.8
Stealth        | |  1.2

Action                   |  1- 3 |  4- 6 |  7- 9 | 10-12 || total
-------------------------+-------+-------+-------+-------++-------
Melee: Short sword       |   109 |       |       |       ||   109
       Hand axe          |     9 |   321 |   279 |       ||   609
       Battleaxe         |       |       |    51 |   107 ||   158
       Headbutt          |       |       |    10 |    29 ||    39
       Hand crossbow     |       |       |     1 |       ||     1
 Fire: Hand crossbow     |     8 |    34 |    51 |       ||    93
       Arbalest          |       |       |       |    15 ||    15
Invok: Lesser Healing    |       |       |     2 |     3 ||     5
 Abil: Heal Wounds       |     1 |    10 |    10 |     3 ||    24
  Use: Scroll            |       |     9 |     5 |       ||    14
       Potion            |       |       |       |     3 ||     3
 Stab: Sleeping          |     4 |     2 |     5 |     1 ||    12
       Distracted        |       |       |     1 |       ||     1
  Eat: Chunk             |     3 |     6 |    17 |    12 ||    38
       Fruit             |       |       |       |     1 ||     1
Armor: Leather armour    |    29 |    63 |    15 |    38 ||   145
       Ring mail         |       |       |    70 |       ||    70
Dodge: Dodged            |    81 |   240 |   296 |   130 ||   747
